 Dungeon Crawl Stone Soup version 0.18-a0-867-gfd1cc8f (webtiles) character file.

200 M4edhros the Sneak (level 5, -21/33 HPs)
             Began as an Octopode Artificer on Dec 21, 2015.
             Demolished by an ogre
             ... wielding a +0 giant club
              (24 damage)
             ... on level 5 of the Dungeon.
             The game lasted 00:02:24 (1816 turns).

M4edhros the Sneak (Octopode Artificer)             Turns: 1816, Time: 00:02:25

Health: -21/33     AC:  1    Str: 10    XL:     5   Next: 79%
Magic:  8/8        EV:  8    Int: 16    God:
Gold:   94         SH: 10    Dex: 12    Spells: 0 memorised, 4 levels left

rFire  . . .     SeeInvis .     j - +2 whip (elec)
rCold  . . .     Gourm    .     p - +0 large shield
rNeg   . . .     Faith    .     (helmet restricted)
rPois  .         Spirit   .     a - amulet of rage
rElec  .         Dismiss  .     (no ring)
rCorr  .         Reflect  .     (no ring)
SustAt .         Harm     .     (no ring)
MR     .....                    (no ring)
Stlth  ++++......               (no ring)
                                (no ring)
                                (no ring)
                                (no ring)

@: not resistant to hostile enchantments, stealthy
A: almost no armour, amphibious, 8 rings, constrict 8, camouflage 1, gelatinous
body 1
a: Evoke Berserk Rage


You were on level 5 of the Dungeon.
You were hungry.

You visited 1 branch of the dungeon, and saw 4 of its levels.

You collected 94 gold pieces.

Inventory:

Hand Weapons
 j - a +2 whip of electrocution (weapon)
 l - a +0 blowgun
 t - a +0 dagger of speed
Missiles
 m - 8 poisoned needles
Armour
 p - a +0 large shield (worn)
Jewellery
 a - an amulet of rage (around mantle)
 i - an uncursed amulet of the gourmand
Wands
 b - a wand of flame (14/48)
 c - a wand of enslavement (14/24)
 d - a wand of random effects (9/48)
 k - a wand of fire (9/15)
Scrolls
 e - a scroll of remove curse {unknown}
 n - 2 scrolls of identify {unknown}
 q - 2 scrolls of random uselessness {unknown}
 r - a scroll of enchant armour {unknown}
Potions
 g - a potion of heal wounds {unknown}
 s - a potion of haste {unknown}
Comestibles
 f - 3 bread rations
 h - a meat ration
 o - 2 slices of pizza


   Skills:
 - Level 1.0 Fighting
 - Level 1.0 Short Blades
 + Level 3.4 Dodging
 * Level 5.1 Stealth
 * Level 1.5 Shields
 + Level 4.1 Evocations


You had 4 spell levels left.
You didn't know any spells.

Dungeon Overview and Level Annotations

Branches:
Dungeon (5/15)
 Temple: D:4-7

Altars:


Innate Abilities, Weirdness & Mutations

You cannot wear most types of armour.
You are amphibious.
You can wear up to eight rings at the same time.
You can use your tentacles to constrict eight enemies at once.
Your skin changes colour to match your surroundings (Stealth).
Your rubbery body absorbs attacks (AC +1).


Message History

You hit the centaur skeleton.
You destroy the centaur skeleton!
No target in view!
No target in view!
You see here a jackal skeleton.
You now have 94 gold pieces (gained 7).
An adder is nearby!
An ogre comes into view. It is wielding a giant club.
Found a robe and a leather armour.
You catch the helpless ogre momentarily off-guard.
You hit the ogre. You squeeze the ogre, but do no damage.
The ogre is moderately wounded.
The ogre hits you with a giant club!!
Ouch! That really hurt!
* * * LOW HITPOINT WARNING * * *
You whack the ogre!
There is a sudden explosion of sparks!
The ogre is almost dead.
The ogre hits you with a giant club!!
Ouch! That really hurt!
You die...

######### ##### #........
.....#
#########.########...#..
......รทรท#..............#
......#.........@O.....#
......#....#####>......#
......#..#...# #.#...#.#
...........#.# #.##.##
......#.#.##.# #.[ .#
...S..#.#.# # #.[ #
.)........##. ....
##.##...#.... ....
.........#


You could see an ogre.

Vanquished Creatures
  A water moccasin skeleton (D:4)
  A centaur skeleton (D:5)
  2 worker ants
  An adder (D:2)
  3 gnolls
  An adder skeleton (D:4)
  2 worms
  A giant gecko (D:4)
  2 orcs (D:5)
  2 giant cockroaches
  A hobgoblin (D:2)
  4 jackals (D:5)
  2 kobolds
  2 quokkas (D:5)
  A ball python (D:2)
  A giant newt (D:4)
  A goblin (D:2)
  A quokka skeleton (D:4)
  A rat (D:2)
30 creatures vanquished.

Vanquished Creatures (others)
  A gnoll (D:2)
1 creature vanquished.

Grand Total: 31 creatures vanquished

Notes
Turn   | Place    | Note
--------------------------------------------------------------
     0 | D:1      | M4edhros the Octopode Artificer began the quest for the Orb.
     0 | D:1      | Reached XP level 1. HP: 13/13 MP: 3/3
    99 | D:1      | Reached XP level 2. HP: 18/18 MP: 4/4
   316 | D:2      | Reached XP level 3. HP: 14/23 MP: 5/5
   547 | D:2      | You fall through a shaft for 2 floors!
   652 | D:4      | Reached skill level 4 in Stealth
   652 | D:4      | Reached XP level 4. HP: 17/28 MP: 6/6
   977 | D:4      | Reached XP level 5. HP: 33/33 MP: 6/8
  1351 | D:5      | Entered Level 5 of the Dungeon
  1515 | D:5      | Reached skill level 1 in Shields
  1532 | D:5      | Reached skill level 5 in Stealth
  1533 | D:5      | HP: 1/33 [poisoned by a worker ant]
  1813 | D:5      | Noticed an ogre
  1816 | D:5      | Demolished by an ogre

Vault maps used:
D:1:      sevenhm_arrival_forest_fort_large_4
D:2:      evilmike_ruin_ashenzari, elyvilon_altar_3, hangedman_decor_riveting,
          minmay_misc_feat_square, kennysheep_jessica_study
D:4:      first_bread, hangedman_decor_growths, corexii_shack
D:5:      serial_shops, shop, kennysheep_generic_room_13

Action                   |  1- 3 |  4- 6 || total
-------------------------+-------+-------++-------
Melee: Short sword       |    11 |       ||    11
       Whip              |    16 |    40 ||    56
Evoke: Wand              |     6 |     2 ||     8
 Stab: Sleeping          |     6 |     2 ||     8
       Distracted        |       |     1 ||     1
  Eat: Chunk             |       |     4 ||     4
